 Dungeon Crawl Stone Soup version 0.30-a0-702-gdf48620a09 (webtiles) character file.

Game seed: 16415674874987326398

3245 Crownlay the Reanimator (level 9, -7/57 HPs)
             Began as a Demonspawn Necromancer on Jan 21, 2023.
             Killed from afar by a gargoyle (13 damage)
             ... with a stone arrow
             ... on level 8 of the Dungeon.
             The game lasted 00:23:58 (9907 turns).

Crownlay the Reanimator (Demonspawn Necromancer)    Turns: 9907, Time: 00:23:59

Health: -7/57      AC:  6    Str:  8    XL:     9   Next: 67%
Magic:  12/17      EV: 12    Int: 21    God:
Gold:   335        SH:  4    Dex: 14    Spells: 7/18 levels left

rFire   + + .      SeeInvis .    v - +3 hand axe (elec)
rCold   x . .      Faith    .    (no shield)
rNeg    . . .      Spirit   .    a - +0 robe
rPois   .          Reflect  .    (helmet restricted)
rElec   .          Harm     .    (no cloak)
rCorr   .          Rampage  .    (no gloves)
Will    .....                    (no boots)
Stlth   ++                       (no amulet)
HPRegen 0.29/turn                k - ring of fire
MPRegen 0.15/turn                p - ring of protection from fire

@: animating dead, studying Unarmed Combat
A: horns 2, foul stench 1, icemail 1, condensation shield, weakness stinger 1,
demonic touch 1
a: no special abilities


You were on level 8 of the Dungeon.
You visited 2 branches of the dungeon, and saw 9 of its levels.

You collected 335 gold pieces.

Inventory:

Hand Weapons
 v - a +3 hand axe of electrocution (weapon)
Armour
 a - a +0 robe (worn)
Magical Staves
 j - a staff of death
Jewellery
 k - a ring of fire (left hand)
 p - a ring of protection from fire (right hand)
 A - a +5 ring of evasion
Wands
 t - a wand of paralysis (6)
 w - a wand of mindburst (12)
 y - a wand of acid (13)
Scrolls
 d - 2 scrolls of teleportation
 l - a scroll of silence
 o - 2 scrolls of blinking
 q - a scroll of magic mapping
 u - a scroll of brand weapon {unknown}
 z - a scroll of enchant armour {unknown}
Potions
 b - a potion of magic
 c - a potion of cancellation {unknown}
 e - 5 potions of curing
 f - a potion of heal wounds
 g - a potion of attraction {unknown}
 h - 2 potions of degeneration {unknown}
 i - 2 potions of haste {unknown}
 m - 5 potions of lignification
 r - a potion of flight {unknown}
 s - 2 potions of mutation {unknown}
 x - 2 potions of might


   Skills:
 - Level 1.7 Dodging
 - Level 1.7 Stealth
 + Level 5.4 Spellcasting
 + Level 2.9 Hexes
 - Level 6.0 Summonings
 - Level 10.0 Necromancy
 + Level 5.8 Transmutations


You had 7 spell levels left.
You knew the following spells:

 Your Spells              Type           Power      Damage    Failure   Level
a - Necrotise             Necr           100%       1d9       1%          1
b - Vampiric Draining     Necr           47%        2d9       1%          3
c - Animate Dead          Necr           47%        N/A       1%          4
d - Summon Guardian Gole  Hex/Summ       24%        N/A       4%          3

Your spell library contained the following spells:

 Spells                   Type           Power      Damage    Failure   Level
 Beastly Appendage        Tmut           60%        N/A       1%          1
 Summon Small Mammal      Summ           100%       N/A       1%          1
 Wereblood                Tmut           30%        N/A       1%          2
 Call Canine Familiar     Summ           30%        N/A       2%          3
 Passwall                 Tmut/Erth      14%        N/A       4%          2
 Agony                    Necr           47%        N/A       4%          5
 Ensorcelled Hibernation  Hex/Ice        22%        N/A       9%          2
 Spider Form              Tmut/Pois      17%        N/A       10%         3
 Swiftness                Air            5%         N/A       30%         3


Dungeon Overview and Level Annotations

Branches:
Dungeon (8/15)             Temple (1/1) D:5
   Lair: D:8-11

Altars:
Ashenzari
Cheibriados
Dithmenos
Gozag
Hepliaklqana
Kikubaaqudgha
Makhleb
Qazlal
Ru
Sif Muna
Trog
Uskayaw
Vehumet
Xom
Yredelemnul

Shops:
D:7 *

Annotations:
D:6 1 runed translucent door, Crownlay's ghost, novice GrEE


Innate Abilities, Weirdness & Mutations

You have a pair of horns on your head.
You may rarely emit foul miasma when damaged in melee.
A meltable icy envelope protects you from harm. (AC +4)
A meltable shield of frost defends you. (SH +4)
You have a small tail.
Your touch may inflict minor irresistible damage on your foes.


Message History

The gargoyle hurls a stone arrow at you.
The stone arrow hits your gnoll zombie!!
The gargoyle hits your gnoll zombie with a +0 flail.
Your gnoll zombie is destroyed!
The gargoyle closely misses you.
You barely miss the gargoyle. Your headbutt misses the gargoyle.
The gargoyle hurls a stone arrow at you.
The stone arrow hits you!!
The gargoyle hurls a stone arrow at you.
The stone arrow hits you.
You hit the gargoyle but do no damage.
You touch the gargoyle!
The gargoyle is moderately damaged.
The gargoyle hurls a stone arrow at you.
The stone arrow hits you.
You are too injured to fight recklessly!
You are too injured to fight recklessly!
You are too injured to fight recklessly!
You are too injured to fight recklessly!
Casting: Summon Guardian Golem (dangerous; 4% risk of failure)
Confirm with . or Enter, or press ? or * to list all spells.
You can't see any susceptible monsters within range! (Use Z to cast anyway.)
Casting: Summon Guardian Golem (dangerous; 4% risk of failure)
Confirm with . or Enter, or press ? or * to list all spells.
You call upon the dead to rise.
The gargoyle hurls a stone arrow at you.
The stone arrow hits you!
* * * LOW HITPOINT WARNING * * *
You feel much better. The gargoyle misses you.
You barely miss the gargoyle.
The gargoyle is moderately damaged.
The gargoyle hurls a stone arrow at you.
The stone arrow hits you!!
You hit the gargoyle but do no damage.
You tail-slap the gargoyle, but do no damage.
The gargoyle is moderately damaged.
The gargoyle hits you with a +0 flail!
* * * LOW HITPOINT WARNING * * *
The gargoyle hurls a stone arrow at you.
The stone arrow hits you!
You die...

....#..#....#...#...#..)......#
....#..#...###9###..#.........#
....#..#..#.#.#.#.#.#.........#
######...###.###.###..#..##...#
#>## #..#.#.#.#.#.#..##..######
...8 #..#..###.# #.......# ....
#..#...#...#.9......#
#...###.###.9.......#
###........@###.##..# ###
#....#..).###.##..######..
#....#...#....#...#.......
#....#...#....#...#...>...
###....#...#....#...#....... .
#.'....#...#....'...##..##.. #8
#.#....########'###'###'####
######.#..................#..#...
#......#..................'..'...


You could see a gargoyle (ally target) and a friendly guardian golem (summoned).

Vanquished Creatures
  A wraith (D:8)
  A steam dragon (D:7)
  5 water moccasins
  An ice beast (D:5)
  2 ogres
  An orc warrior (D:6)
  3 centaurs
  A kobold brigand (D:7)
  A necrophage (D:6)
  2 scorpions
  A wight (D:8)
  3 killer bees (D:8)
  2 howler monkeys
  A vampire bat (D:5)
  6 orc priests
  2 hounds (D:5)
  2 jellies
  2 iguanas
  5 orc wizards
  Robin (D:2)
  11 gnolls
  11 adders
  2 white imps
  2 ufetubi
  2 worms (D:2)
  A dart slug (D:4)
  35 orcs
  5 ball pythons
  10 bats
  3 endoplasms
  2 giant cockroaches
  12 goblins
  8 hobgoblins
  9 jackals (D:1)
  2 quokkas
  3 frilled lizards
  14 kobolds
  8 rats
183 creatures vanquished.

Vanquished Creatures (collateral kills)
  An iguana (D:6)
  2 orcs
  An endoplasm (D:1)
  A goblin (D:1)
  A rat (D:1)
6 creatures vanquished.

Vanquished Creatures (others)
  A gargoyle (D:8)
  An orc warrior (D:8)
  A water moccasin zombie (D:8)
  A centaur zombie (D:7)
  An orc wizard (D:5)
  2 killer bee zombies (D:8)
  A hound zombie (D:5)
  2 adder zombies
  An iguana zombie (D:5)
  A jelly zombie (D:6)
  7 orc zombies
  An orc (D:8)
  A bat zombie (D:5)
  2 gnoll zombies (D:8)
  19 plants
  4 toadstools (D:1)
46 creatures vanquished.

Grand Total: 235 creatures vanquished

Notes
Turn   | Place    | Note
-------+----------+-------------------------------------------
     0 | D:1      | Crownlay the Demonspawn Necromancer began the quest for the
                  | Orb.
     0 | D:1      | Reached XP level 1. HP: 13/13 MP: 3/3
   277 | D:1      | Gained mutation: You may rarely emit foul miasma when
                  | damaged in melee. [demonic ancestry]
   277 | D:1      | Reached XP level 2. HP: 14/19 MP: 0/5
   380 | D:1      | Reached skill level 5 in Necromancy
   570 | D:1      | Discovered your monstrous ancestry.
   570 | D:1      | Gained mutation: You have a pair of small horns on your
                  | head. [demonic ancestry]
   570 | D:1      | Reached XP level 3. HP: 14/24 MP: 2/6
   848 | D:1      | Reached skill level 6 in Necromancy
  1015 | D:1      | Learned a level 3 spell: Vampiric Draining
  1282 | D:2      | Gained mutation: A meltable shield of frost defends you.
                  | (SH +4) [demonic ancestry]
  1282 | D:2      | Reached XP level 4. HP: 30/30 MP: 3/7
  1482 | D:2      | Noticed Robin
  1504 | D:2      | Killed Robin
  2277 | D:3      | Found a faded altar of an unknown god.
  2445 | D:3      | Reached skill level 1 in Transmutations
  2542 | D:3      | Found a broken altar of Ashenzari.
  2619 | D:3      | Gained mutation: You have a pair of horns on your head.
                  | [demonic ancestry]
  2619 | D:3      | Reached XP level 5. HP: 35/35 MP: 4/8
  2940 | D:3      | Reached skill level 1 in Summonings
  3309 | D:4      | Reached skill level 7 in Necromancy
  3421 | D:4      | Gained mutation: A meltable icy envelope protects you from
                  | harm. (AC +4) [demonic ancestry]
  3421 | D:4      | Reached XP level 6. HP: 24/41 MP: 2/9
  3615 | D:4      | Learned a level 4 spell: Animate Dead
  4236 | D:5      | Entered Level 5 of the Dungeon
  4243 | D:5      | Noticed an ice beast
  4637 | D:5      | Gained mutation: Your touch may inflict minor irresistible
                  | damage on your foes. [demonic ancestry]
  4637 | D:5      | Reached XP level 7. HP: 26/46 MP: 4/10
  4976 | D:5      | Found a staircase to the Ecumenical Temple.
  4989 | D:5      | Reached skill level 8 in Necromancy
  4998 | Temple   | Entered the Ecumenical Temple
  5478 | D:5      | Found a shadowy altar of Dithmenos.
  6015 | D:6      | Gained mutation: You have a small tail. [demonic ancestry]
  6015 | D:6      | Reached XP level 8. HP: 35/52 MP: 1/11
  6319 | D:6      | Reached skill level 9 in Necromancy
  6364 | D:6      | Found a bloodstained altar of Trog.
  6513 | D:6      | Found a runed translucent door.
  6513 | D:6      | Noticed Crownlay's ghost (novice GrEE)
  6527 | D:6      | Reached skill level 5 in Transmutations
  7361 | D:7      | Reached skill level 5 in Summonings
  7489 | D:7      | Found Xiostud's Elemental Accessories.
  7954 | D:7      | Reached XP level 9. HP: 27/57 MP: 2/14
  8226 | D:8      | Found a hazy altar of Hepliaklqana.
  8268 | D:8      | Reached skill level 10 in Necromancy
  8617 | D:8      | Learned a level 3 spell: Summon Guardian Golem
  8877 | D:8      | Noticed a gargoyle
  8924 | D:8      | Killed a gargoyle
  8925 | D:8      | Reached skill level 1 in Hexes
  9102 | D:8      | Reached skill level 5 in Spellcasting
  9551 | D:8      | Found an ancient bone altar of Kikubaaqudgha.
  9737 | D:8      | Noticed a gargoyle
  9907 | D:8      | Killed from afar by a gargoyle

Illustrated notes

Levels and vault maps discovered:
D:1:      ldierk_walled_garden_2, layout_basic, serial_forest,
          infiniplex_forest_straight_3, infiniplex_forest_lined_1,
          infiniplex_forest_clump_diagonal, infiniplex_forest_clump_double
D:2:      layout_loops_ring, uniq_robin
D:3:      layout_basic, nicolae_ashenzari_panopticon,
          shapermc_ecumenical_altar_mp_ritualfount
D:4:      layout_loops_ring
D:5:      layout_loops_ring, lemuel_crystal_altar,
          minmay_temple_entry_mini_moons, roderic_batcave,
          mrwooster_statue_mirror
D:6:      layout_cave_pools, nicolae_elyvilon_temple_path,
          lightli_temple_of_fire, gammafunk_ghost_grave
D:7:      layout_loops_ring, nicolae_elemental_shop
D:8:      layout_gridville, nicolae_hepliaklqana_hazy_memory,
          nicolae_overflow_hidden_temple, roderic_serpentine_path,
          serial_park_tiny_pond, minmay_manual_mail
Temple:   hellmonk_temple_flake

Skill      XL: |  1  2  3  4  5  6  7  8  9 |
---------------+----------------------------+-----
Necromancy     | 5 6 7 8 9 10 | 10.0
Transmutations | 1 2 4 5 |  5.8
Summonings     | 1 2 4 5 6 |  6.0
Spellcasting   | 3 5 |  5.4
Hexes          | 2 |  2.9
Dodging        | |  1.7
Stealth        | |  1.7

Action                   |  1- 3 |  4- 6 |  7- 9 || total
-------------------------+-------+-------+-------++-------
Melee: Hand axe          |    18 |       |    99 ||   117
       Staff             |    13 |    29 |    26 ||    68
       Headbutt          |     3 |     3 |    24 ||    30
       Punch             |     1 |     1 |     1 ||     3
       Touch             |       |       |    15 ||    15
       Tailslap          |       |       |    11 ||    11
 Cast: Necrotise         |    54 |   133 |   166 ||   353
       Vampiric Draining |       |     1 |     7 ||     8
       Animate Dead      |       |     1 |    12 ||    13
       Summon Guardian G |       |       |     4 ||     4
Evoke: Wand              |       |       |     4 ||     4
  Use: Scroll            |       |     6 |     5 ||    11
       Potion            |       |       |     3 ||     3
 Stab: Sleeping          |     2 |       |       ||     2
Armor: Robe              |    14 |     8 |    48 ||    70
Dodge: Dodged            |    36 |    36 |   159 ||   231
Block: Other             |       |     4 |    40 ||    44

Table legend: (Time is in decaauts)
 A = Elapsed time spent in this place.
 B = Non-inter-level travel time spent in this place.
 C = Inter-level travel time spent in this place.
 D = Time resting spent in this place.
 E = Time spent auto-exploring this place.
 F = Levels seen in this place.
 G = Mean time per level.
                   A        B        C        D        E       F      G
               +--------+--------+--------+--------+--------+-----+--------+
         Total |   9963 |   9697 |    266 |    286 |   7409 |   9 | 1107.0 |
       Dungeon |   9726 |   9469 |    257 |    286 |   7195 |   8 | 1215.8 |
        Temple |    236 |    227 |      9 |      0 |    214 |   1 |  236.0 |
               +--------+--------+--------+--------+--------+-----+--------+

Top non-repeatable levels by time:
     D:8: 1723 daAuts
     D:5: 1589 daAuts
     D:7: 1251 daAuts
     D:2: 1183 daAuts
     D:3: 1078 daAuts
     D:1: 1039 daAuts
     D:4: 1019 daAuts
     D:6: 840 daAuts
  Temple: 236 daAuts
